 Dungeon Crawl Stone Soup version 0.31.0-1-g2c135a0 (webtiles) character file.

Game seed: 4708845901134907009

1777 Kel the Fighter (level 9, -12/59 HPs)
             Began as a Gargoyle Berserker on Feb 10, 2024.
             Was an Elder of Trog.
             Mangled by a komodo dragon (17 damage)
             ... on level 6 of the Dungeon.
             The game lasted 00:10:53 (5288 turns).

Kel the Fighter (Gargoyle Berserker)                Turns: 5288, Time: 00:10:54

Health: -12/59     AC: 18    Str: 25    XL:     9   Next: 8%
Magic:  9/9        EV: 19    Int:  8    God:    Trog [****..]
Gold:   226        SH:  0    Dex:  9    Spells: 8/8 levels left

rFire   . . .        a - +0 mace
rCold   . . .        (no shield)
rNeg    + . .        u - +0 chain mail
rPois   ∞            (no helmet)
rElec   +            t - scarf {+Inv}
rCorr   .            q - +0 pair of gloves
SInv    .            (no boots)
Will    .....        (no amulet) Stlth
                     i - +5 ring of evasion
HPRegen 0.29/turn    s - +5 ring of evasion
MPRegen 0.11/turn

%: no passive effects
@: on berserk cooldown, slowed, very slow
A: sickness immunity, AC +6, negative energy resistance 1, electricity
resistance, torment resistance 1, petrification resistance
a: Renounce Religion, Evoke Invisibility, Berserk, Trog's Hand, Brothers in Arms


You were on level 6 of the Dungeon.
You worshipped Trog.
Trog was greatly pleased with you.
You visited 1 branch of the dungeon, and saw 6 of its levels.
You also visited: Sewer.

You collected 226 gold pieces.

Inventory:

Hand Weapons
 a - a +0 mace (weapon)
Armour
 q - a +0 pair of gloves (worn)
 t - a scarf of invisibility (worn)
 u - a +0 chain mail (worn)
Jewellery
 i - a +5 ring of evasion (left hand)
 p - a ring of magical power
 s - a +5 ring of evasion (right hand)
Talismans
 d - a maw talisman
 y - a talisman of death
Scrolls
 c - a scroll of immolation {unknown}
 e - a scroll of vulnerability {unknown}
 g - 6 scrolls of identify {unknown}
 j - 2 scrolls of teleportation {unknown}
 k - 2 scrolls of blinking {unknown}
 l - 4 scrolls of revelation {unknown}
 n - 3 scrolls of fog {unknown}
 v - a scroll of amnesia {unknown}
 w - a scroll of brand weapon {unknown}
Potions
 b - 2 potions of cancellation {unknown}
 f - 4 potions of curing {unknown}
 h - 3 potions of mutation {unknown}
 m - a potion of magic {unknown}
 o - 3 potions of resistance {unknown}
 r - a potion of enlightenment {unknown}
 x - 2 potions of haste {unknown}
 z - a potion of brilliance {unknown}


   Skills:
 + Level 8.0 Fighting
 + Level 7.2 Maces & Flails
 + Level 7.5 Armour
 - Level 1.5 Dodging


You had 8 spell levels left.
You didn't know any spells.
Your spell library was empty.

Dungeon Overview and Level Annotations

Branches:
Dungeon (6/15)             Temple (0/1) D:5           Sewer (visited)

Altars:
Kikubaaqudgha
Makhleb
Yredelemnul

Shops:
D:1 *


Innate Abilities, Weirdness & Mutations

You are immune to sickness and miasma.
Your stone body is resilient. (AC +6)
You are immune to poison.
You resist negative energy. (rN+)
You are resistant to electric shocks. (rElec)
You are resistant to unholy torment.
You are immune to petrification.


Message History

You hit the steam dragon.
The steam dragon is heavily wounded.
The steam dragon closely misses you. The steam dragon barely misses you.
You thump the steam dragon!
The steam dragon is severely wounded.
The steam dragon barely misses you.
The steam dragon claws you but does no damage.
You barely miss the steam dragon.
The steam dragon is severely wounded.
You completely miss the steam dragon.
The steam dragon is severely wounded.
The steam dragon barely misses you.
The steam dragon claws you but does no damage.
You hit the steam dragon but do no damage.
The steam dragon is severely wounded.
The komodo dragon barely misses you.
The steam dragon bites you but does no damage.
The steam dragon closely misses you.
You sock the steam dragon!
You kill the steam dragon!
Trog accepts your kill.
The komodo dragon bites you but does no damage.
Your Fighting skill increases to level 8!
You have reached level 9!
Your experience leads to an increase in your attributes!
Increase (S)trength, (I)ntelligence, or (D)exterity?
You feel stronger. x2
You closely miss the komodo dragon. The komodo dragon bites you!
* * * LOW HITPOINT WARNING * * *
You sock the komodo dragon!
The komodo dragon is lightly wounded.
You thump the komodo dragon!
The komodo dragon is heavily wounded.
The komodo dragon closely misses you.
You sock the komodo dragon!
The komodo dragon is almost dead.
You are no longer berserk.
You are exhausted.
You feel yourself slow down. The komodo dragon bites you!
You die...

##P....).#
#^P....~P#
~^....P~
#P~...P
≈..~.
#..~#
#.)l#
#P@.#
#~..#
#...#
#~..#
##..# #..#
#..##
#..~#
#..~#


You could see a komodo dragon.

Vanquished Creatures
  Grinder (Sewer)
  Sigmund (D:4)
  2 steam dragons (D:6)
  An ice beast (D:5)
  3 ogres (D:4)
  A centaur (D:5)
  A phantom (Sewer)
  A kobold brigand (Sewer)
  A bullfrog (D:6)
  A necrophage (Sewer)
  A scorpion (D:5)
  2 hounds
  An orc wizard (D:5)
  Terence (D:3)
  4 gnolls (D:4)
  5 adders
  2 river rats (D:5)
  A shadow imp (Sewer)
  3 ufetubi (Sewer)
  7 dart slugs
  2 ribbon worms
  12 orcs
  11 ball pythons
  5 bats
  14 endoplasms
  9 giant cockroaches
  10 goblins
  8 hobgoblins
  9 jackals
  26 kobolds
  3 quokkas
  5 frilled lizards
  A kobold zombie (Sewer)
  6 rats
161 creatures vanquished.

Notes
Turn   | Place    | Note
-------+----------+-------------------------------------------
     0 | D:1      | Kel the Gargoyle Berserker began the quest for the Orb.
     0 | D:1      | Reached XP level 1. HP: 14/14 MP: 1/1
     2 | D:1      | Noticed a minotaur
     2 | D:1      | Noticed a formicid
     4 | D:1      | Noticed a demonspawn
     4 | D:1      | Noticed a tengu
     6 | D:1      | Noticed a gargoyle
     8 | D:1      | Noticed a merfolk
     8 | D:1      | Noticed an octopode
    20 | D:1      | Noticed an armataur
    20 | D:1      | Noticed a demigod
    26 | D:1      | Noticed an elf
    28 | D:1      | Noticed a troll
    30 | D:1      | Noticed a djinni
    30 | D:1      | Noticed a vine stalker
    32 | D:1      | Noticed a felid
    32 | D:1      | Noticed a human
    34 | D:1      | Noticed a barachi
    34 | D:1      | Noticed a draconian
    36 | D:1      | Noticed a naga
    36 | D:1      | Noticed a spriggan
    38 | D:1      | Noticed a ghoul
    40 | D:1      | Noticed an oni
    40 | D:1      | Noticed a vampire
    68 | D:1      | Reached XP level 2. HP: 18/19 MP: 2/2
   132 | D:1      | Found a faded altar of an unknown god.
   222 | D:1      | Found Ryicw's General Store.
   397 | D:1      | Reached XP level 3. HP: 24/24 MP: 3/3
   752 | D:1      | Reached ** piety under Trog
  1016 | D:2      | Reached skill level 4 in Fighting
  1160 | D:2      | Reached XP level 4. HP: 28/29 MP: 4/4
  1847 | D:3      | Found an ancient bone altar of Kikubaaqudgha.
  1956 | D:3      | Noticed Terence
  1967 | D:3      | Killed Terence
  1968 | D:3      | Reached XP level 5. HP: 34/34 MP: 5/5
  2112 | D:3      | Reached *** piety under Trog
  2213 | D:3      | Found a burning altar of Makhleb.
  3010 | D:4      | Noticed Sigmund
  3020 | D:4      | Killed Sigmund
  3021 | D:4      | Reached skill level 5 in Fighting
  3021 | D:4      | Reached XP level 6. HP: 40/40 MP: 6/6
  3247 | D:4      | Found a basalt altar of Yredelemnul.
  3306 | D:4      | Reached skill level 5 in Maces & Flails
  3312 | D:4      | Reached XP level 7. HP: 30/44 MP: 7/7
  3534 | D:4      | Reached skill level 5 in Armour
  3738 | D:4      | Reached skill level 6 in Fighting
  3939 | D:5      | Entered Level 5 of the Dungeon
  3963 | D:5      | Reached **** piety under Trog
  3987 | D:5      | Found a glowing drain.
  4000 | Sewer    | Entered a sewer
  4123 | Sewer    | Found an ancient bone altar of Kikubaaqudgha.
  4169 | Sewer    | Reached XP level 8. HP: 46/52 MP: 8/8
  4211 | Sewer    | Noticed Grinder
  4222 | Sewer    | Killed Grinder
  4327 | Sewer    | Reached skill level 7 in Fighting
  4857 | D:5      | Found a staircase to the Ecumenical Temple.
  5278 | D:6      | Noticed a komodo dragon
  5285 | D:6      | Reached skill level 8 in Fighting
  5285 | D:6      | Reached XP level 9. HP: 17/59 MP: 9/9
  5288 | D:6      | Mangled by a komodo dragon

Illustrated notes

Levels and vault maps discovered:
D:1:      kb_arrival_jail, layout_basic, ebering_ecumenical_altar_petrified,
          serial_shops, nicolae_shop_tiny_waterfront
D:2:      layout_basic, due_unseen_surprise
D:3:      minmay_chambers_of_threes, layout_basic,
          mainiacjoe_overflow_cross_hatched, mainiacjoe_overflow_catwalk,
          minmay_surrounded, uniq_terence
D:4:      layout_basic, overflow_temple_1_default, kennysheep_generic_room_11,
          uniq_sigmund
D:5:      layout_loops_ring, minmay_temple_entry_statues_pillars,
          portal_sewer_entry_b, ebering_dispersal_statue_hall
D:6:      kennysheep_steamy, layout_rooms, mainiacjoe_overflow_chevrons,
          minivault_11, lightli_church_of_beogh

Skill      XL: |  1  2  3  4  5  6  7  8 |
---------------+-------------------------+-----
Armour         | 3 4 5 7 |  7.5
Fighting       | 4 5 6 8 |  8.0
Maces & Flails | 4 5 7 |  7.2
Dodging        | |  1.5

Action                     |  1- 3 |  4- 6 |  7- 9 || total
---------------------------+-------+-------+-------++-------
  Melee: Mace              |   149 |   211 |   311 ||   671
         Punch             |     1 |     1 |     5 ||     7
 Invoke: Berserk           |       |     2 |     3 ||     5
 Armour: Animal skin       |    18 |       |       ||    18
         Ring mail         |    58 |    39 |       ||    97
         Scale mail        |       |    13 |       ||    13
         Chain mail        |       |    23 |   215 ||   238
  Dodge: Dodged            |   124 |   224 |   432 ||   780
